AoeStats
← Kerry Kachota

Northern Isles

510294764Analyzed
1v1 RM · 2d ago on Sep 30, 2026· 43m 55s· 2 players
Game mode
Random Map
Map size
Tiny (2 player)
Population
200
Speed
Normal
Resources
Standard
Victory
Conquest
Starting age
Dark Age
Ending age
Imperial Age
RankedLock teamsTeams togetherTeam positionsShared explorationLock speedFull tech treeHidden civsTurbo modeCheats
Victory
Defeat
🇨🇳 Spanish · China
716
+17
🇦🇷 Bohemians · Argentina
729
-17
4****6485
5:30 Loom
13:47 Feudal Age
14:09 Man-at-Arms
14:36 Arson
18:57 Double-Bit Axe
20:55 Fletching
21:49 Forging
21:40 Scale Mail Armor
26:17 Castle Age
26:31 Wheelbarrow
26:09 Stone Mining
27:47 Bodkin Arrow
28:29 Horse Collar
29:02 Bow Saw
30:10 Medium Warships
30:51 Ballistics
36:37 Imperial Age
35:43 Iron Casting
35:15 Scale Barding Armor
35:38 Bloodlines
36:16 Husbandry
38:11 Heavy Warships
39:41 Heavy Plow
41:51 Chemistry
41:07 Town Watch
42:00 Bracer
Kerry Kachota
9:59 Loom
13:01 Feudal Age
17:25 Castle Age
15:37 Fishing Lines
16:12 Double-Bit Axe
18:21 Wheelbarrow
17:37 Town Watch
18:01 Gillnets
18:43 Crossbowman
20:19 Bow Saw
21:41 Fletching
22:45 Medium Warships
25:14 Ballistics
26:00 Chemistry
25:34 Hand Cart
27:49 Ballistics
31:29 Demolition Ship
39:39 Horse Collar
Connection lost

Rejoining the realm…

Still unreachable

The connection could not be restored.

Session expired

The server has moved on; the page needs a fresh start.